 Dungeon Crawl Stone Soup version 0.25.1-2-g60ff931df9 (webtiles) character file.

Game seed: 13260496411949788335

95 Joresh2 the Charmwright (level 4, -1/39 HPs)
             Began as a Naga Skald on Aug 31, 2020.
             Slain by Ijyb
             ... wielding a +0 dagger of protection
              (5 damage)
             ... on level 3 of the Dungeon on Sept 1, 2020.
             The game lasted 00:12:25 (2857 turns).

Joresh2 the Charmwright (Naga Skald)                Turns: 2857, Time: 00:12:25

Health: -1/39      AC:  3    Str: 13    XL:     4   Next: 66%
Magic:  7/7        EV: 10    Int: 14    God:
Gold:   123        SH:  0    Dex: 11    Spells: 2/7 levels left

rFire    . . .     SeeInvis +   u - +3 mace (holy)
rCold    . . .     Gourm    .   (no shield)
rNeg     + . .     Faith    .   b - +0 leather armour
rPois    +         Spirit   .   (no helmet)
rElec    .         Reflect  .   (no cloak)
rCorr    .         Harm     .   (no gloves)
MR       .....                  (no barding)
Stlth    +.........             (no amulet)
HPRegen  0.13/turn              l - ring of positive energy
MPRegen  0.10/turn              (no ring)

@: very slow
A: large, see invisible, deformed body, poison resistance, slowness 2, slow
metabolism 1, spit poison 1, AC +1
a: Spit Poison


You were on level 3 of the Dungeon.
You were hungry.

You visited 1 branch of the dungeon, and saw 3 of its levels.

You collected 123 gold pieces.

Inventory:

Hand Weapons
 a - a +0 spear
 u - a +3 mace of holy wrath (weapon)
 w - a +1 vorpal long sword
Missiles
 p - 19 poisoned darts (quivered)
 v - 5 javelins
Armour
 b - a +0 leather armour (worn)
Jewellery
 l - a ring of positive energy (left hand)
 m - an uncursed ring of protection from cold {unknown}
 r - an uncursed ring of see invisible {unknown}
Scrolls
 c - a scroll of identify
 e - a scroll of enchant armour {unknown}
 f - a scroll of fear {unknown}
 k - 2 scrolls of remove curse
 o - a scroll of teleportation {unknown}
 s - 2 scrolls of enchant weapon
 t - a scroll of amnesia {unknown}
Potions
 g - a potion of invisibility
 h - a potion of curing
 j - a potion of ambrosia {unknown}
 n - a potion of degeneration {unknown}
Comestibles
 d - 3 rations
 q - 3 chunks of flesh


   Skills:
 + Level 2.2 Fighting
 + Level 2.7 Polearms
 + Level 1.4 Armour
 + Level 2.5 Dodging
 + Level 0.4 Stealth
 + Level 2.2 Spellcasting
 + Level 3.4 Charms


You had 2 spell levels left.
You knew the following spells:

 Your Spells              Type           Power        Failure   Level  Hunger
a - Infusion              Chrm           ##..         8%          1    #......
b - Song of Slaying       Chrm           ##......     11%         2    ###....
c - Shroud of Golubria    Chrm/Tloc      #.....       22%         2    ###....

Your spell library contained the following spells:

 Spells                   Type           Power        Failure   Level  Hunger
 Ozocubu's Armour         Chrm/Ice       #.......     41%         3    ###....
 Spectral Weapon          Hex/Chrm       #.......     41%         3    ###....


Dungeon Overview and Level Annotations

Branches:
Dungeon (3/15)

Altars:

Annotations:
D:3 Ijyb


Innate Abilities, Weirdness & Mutations

You cannot wear boots.
Your serpentine skin is tough. (AC +1)
You have supernaturally acute eyesight. (SInv)
Armour fits poorly on your strangely shaped body.
Your system is resistant to poisons. (rPois)
You cover ground very slowly.
You have a slow metabolism.
You can spit poison.


Message History

Ijyb hits you but does no damage.
Ijyb hits you with a +0 dagger of protection.
* * * LOW HITPOINT WARNING * * *
Ijyb hits you with a +0 dagger of protection.
* * * LOW HITPOINT WARNING * * *
Ijyb hits you but does no damage.
You can move again.
You hit Ijyb.
Ijyb is heavily wounded.
Ijyb barely misses you.
You closely miss Ijyb.
Ijyb is heavily wounded.
Ijyb hits you but does no damage. x2
You hit Ijyb but do no damage.
Ijyb is heavily wounded.
Ijyb barely misses you.
As you read the scroll labeled KOOFOTHR ETSUX, it crumbles to dust.
You feel aware of your surroundings.
It was a scroll of magic mapping.
Ijyb hits you with a +0 dagger of protection.
You die...

########## ##........#
#......##.# #####
.....#.##.#####...#
#..#(#..........#.#
#..#....#.#####...####
#....<....##.........#
#.......####.###.###.#
...###.## #.# #@# #.#
##<# #.# #.# #g###.#
#.# #.# #.# #o..#.#
#.###'## #.#####.#.#
#.##...## #.........#
#.#.....#########o###
#รท.......## ##.#.##
##.........####()...#
.........g.'..)%%...#


You could see Ijyb and an orc.

Vanquished Creatures
  An orc wizard (D:3)
  An adder (D:3)
  An ooze (D:2)
  A worm (D:2)
  3 leopard geckos
  5 orcs
  2 giant cockroaches
  4 hobgoblins
  3 kobolds
  4 bats
  4 frilled lizards
  10 goblins
  5 rats (D:1)
44 creatures vanquished.

Notes
Turn   | Place    | Note
-------+----------+-------------------------------------------
     0 | D:1      | Joresh2 the Naga Skald began the quest for the Orb.
     0 | D:1      | Reached XP level 1. HP: 19/19 MP: 3/3
   521 | D:1      | Reached XP level 2. HP: 24/26 MP: 5/5
   528 | D:1      | Learned a level 2 spell: Song of Slaying
   539 | D:1      | Learned a level 2 spell: Shroud of Golubria
   959 | D:1      | Reached skill level 1 in Armour
  1380 | D:2      | Reached XP level 3. HP: 29/32 MP: 6/6
  2693 | D:3      | Reached XP level 4. HP: 34/39 MP: 4/7
  2786 | D:3      | Noticed Ijyb
  2838 | D:3      | Paralysed by Ijyb for 5 turns
  2848 | D:3      | Paralysed by Ijyb for 6 turns
  2857 | D:3      | Slain by Ijyb

Illustrated notes

Levels and vault maps discovered:
D:1:      matt_arrival_los_fun, layout_basic
D:2:      layout_rooms, kennysheep_decorative_pillar, minmay_tromino_v4_c
D:3:      layout_loops_corners, uniq_ijyb, uniq_natasha, uniq_purgy

Skill      XL: |  1  2  3 |
---------------+----------+-----
Armour         | 1 |  1.4
Dodging        | 2 |  2.5
Fighting       | |  2.2
Polearms       | |  2.7
Stealth        | |  0.4
Spellcasting   | |  2.2
Charms         | |  3.4

Action                   |  1- 3 |  4- 6 || total
-------------------------+-------+-------++-------
Melee: Spear             |   103 |       ||   103
       Mace              |    31 |    20 ||    51
Throw: Dart              |       |     2 ||     2
 Cast: Infusion          |    10 |       ||    10
 Abil: Spit Poison       |       |     2 ||     2
  Use: Potion            |     1 |       ||     1
       Scroll            |       |     5 ||     5
  Eat: Chunk             |     3 |     1 ||     4
Armor: Leather armour    |    22 |    13 ||    35
Dodge: Dodged            |    66 |    10 ||    76
